Cogmind - Beta 13 @@@ ROGUE MODE // 2024.05.02 @ 13:58:56 Player: Mylar Result: Destroyed by as-01388 with Assembled Blade Performance ------------- Evolutions (0) 0 Regions Visited (2) 400 Robots Destroyed (9) 45 Value Destroyed (73) 73 Prototype IDs (0) 0 Alien Tech Used (0) 0 Bonus (0) 0 TOTAL SCORE: 518 Bonus ------- None Cogmind --------- Core Integrity 0/250 Matter 290/300 Energy 109/125 System Corruption 5% Temperature Cool (8) Movement Flying (37) Location -10/Mines Parts ------- > --- POWER (1) -------- Light Ion Engine > --- PROPULSION (2) --- Flight Unit Flight Unit > --- UTILITY (2) ------ Sensor Array Signal Interpreter > --- WEAPON (2) ------- Small Laser > --- INVENTORY (5) ---- Flight Unit High-capacity Matter Pod (200) Visual Processing Unit Assault Rifle Peak State ------------ > --- POWER ------------ (None) > --- PROPULSION ------- Flight Unit > --- UTILITY ---------- Improved Terrain Scanner Seismic Detector > --- WEAPON ----------- Small Laser Small Laser > --- INVENTORY -------- High-capacity Matter Pod [Rating: 7] Favorites ----------- Power Light Ion Engine Engine Light Ion Engine Propulsion Flight Unit Hover Unit Hover Unit Flight Unit Flight Unit Utility Sensor Array Device Sensor Array Processor Signal Interpreter Weapon Small Laser Energy Gun Small Laser Build | -11 -10 -10 ------- Run | Yrd Mat Min Slots Evolved . | . . . Power . | . . . Propulsion . | . . . Utility . | . . . Weapon . | . . . Parts Attached 15 | 3 11 1 Power 2 | . 2 . Engine 2 | . 2 . Core . | . . . Reactor . | . . . Propulsion 6 | . 5 1 Treads . | . . . Leg . | . . . Wheel . | . . . Hover 2 | . 2 . Flight 4 | . 3 1 Utility 5 | 1 4 . Device 4 | 1 3 . Storage . | . . . Processor 1 | . 1 . Hackware . | . . . Protection . | . . . Artifact . | . . . Weapon 2 | 2 . . Energy Gun 2 | 2 . . Energy Cannon . | . . . Ballistic Gun . | . . . Ballistic Cannon . | . . . Launcher . | . . . Special Weapon . | . . . Impact Weapon . | . . . Slashing Weapon . | . . . Piercing Weapon . | . . . Special Melee Weapon . | . . . Unidentified Prototypes . | . . . Parts Lost 2 | . . 2 Power . | . . . Propulsion 1 | . . 1 Utility . | . . . Weapon 1 | . . 1 Highest Loss Streak 2 | . . 2 To Critical Strikes . | . . . Average Slot Usage (%) 76 | . 73 95 Engine 4 | . 2 14 Hover 2 | . 2 . Flight 15 | . 13 28 Device 16 | . 17 14 Processor 9 | . 8 14 Energy Gun 27 | . 28 23 Naked Turns . | . . . Heaviest Build 6 | 3 6 6 Greatest Support 12 | 3 12 8 Greatest Overweight (x) . | . . . Average Overweight (x) . | . . . Largest Inventory Capacity 5 | 5 5 5 Average Capacity 5 | 5 5 5 Most Carried 5 | 2 5 5 Average Carried 3 | . 3 4 Final Capacity 5 | 5 5 5 Final Carried 5 | 1 5 4 Class Distribution -------------------- 71% | Mutant 28% | Scavenger-Mutant Dominant Class ---------------- Mutant | -10/Materials Scavenger-Mutant | -10/Mines Resources | -11 -10 -10 ----------- Run | Yrd Mat Min Matter Collected 540 | 230 310 . Remotely . | . . . Salvage Created 275 | 146 129 . Parts 28 | 10 18 . Haulers Intercepted 1 | . 1 . Recyclers Shooed . | . . . Parts Field Recycled . | . . . Retrieved Matter . | . . . Parts Self-Destructed . | . . . Prevented . | . . . Kills | -11 -10 -10 ------- Run | Yrd Mat Min Combat Hostiles Destroyed 3 | . 3 . Guns 3 | . 3 . Classes Destroyed 6 | 2 4 . Builder 1 | . 1 . Tunneler 2 | 2 . . Hauler 1 | . 1 . Recycler 1 | 1 . . Watcher 1 | . 1 . Swarmer 3 | . 3 . Best Kill Streak 2 | 2 2 . Combat Bots Only 2 | . 2 . Max Kills in Single Turn 1 | 1 1 . Gunslinging . | . . . Exploded . | . . . Melee . | . . . Uniques/NPCs Destroyed . | . . . Combat | -11 -10 -10 -------- Run | Yrd Mat Min Hostile Shots Fired 73 | . 32 41 Missed 39 | . 14 25 Damage Taken 483 | . 167 316 Core 268 | . 61 207 Absorbed by Shields . | . . . Core Remaining (%) 100 | 100 . . Volleys Fired 30 | 12 16 2 Largest 2 | 2 2 2 Hottest 80 | 80 80 80 Shots Fired 59 | 24 32 3 Gun 59 | 24 32 3 Cannon . | . . . Launcher . | . . . Special . | . . . Kinetic . | . . . Thermal 59 | 24 32 3 Explosive . | . . . Electromagnetic . | . . . Robot Hit Streak 6 | 6 6 1 Robot Miss Streak 3 | 3 3 2 Penetration Max . | . . . Secondary Targets . | . . . Shots Hit Robots 35 | 17 17 1 Core Hits 12 | 4 8 . Critical Kills . | . . . Critical Parts Destroyed . | . . . Critical Strikes . | . . . Melee Attacks . | . . . Impact . | . . . Slashing . | . . . Piercing . | . . . Sneak Attacks . | . . . Combat Hostiles . | . . . Follow-up Attacks . | . . . Damage Inflicted 394 | 191 193 10 Guns 393 | 191 192 10 Cannons . | . . . Explosions . | . . . Melee . | . . . Ramming 1 | . 1 . Kinetic . | . . . Thermal 393 | 191 192 10 Explosive . | . . . Electromagnetic . | . . . Impact . | . . . Slashing . | . . . Piercing . | . . . Highest Corruption 5 | . . 5 Average Corruption 5 | . . 5 Corruption Purged . | . . . Corruption Blocked . | . . . Overload Shots . | . . . Overflow Damage . | . . . Projectiles . | . . . Explosions . | . . . Melee . | . . . Knockbacks . | . . . Impact . | . . . Kinetic . | . . . Secondary . | . . . Self-Inflicted Damage . | . . . Shots . | . . . Rammed 1 | . 1 . Targets Rammed 1 | . 1 . Kicked . | . . . Crushed . | . . . Highest Temperature 34 | 34 33 24 Average Temperature 8 | 7 9 10 Received Heat Transfer 62 | . 42 20 Siege Activations . | . . . Robots Corrupted . | . . . Combat Hostiles . | . . . Parts Fried . | . . . Impact Corruptions . | . . . Robots Melted . | . . . Combat Hostiles . | . . . Parts Melted . | . . . Heat Transferred 875 | 425 425 25 Parts Sabotaged . | . . . Parts Stolen . | . . . Parts Stripped . | . . . Power Chain Reactions . | . . . Alert | -11 -10 -10 ------- Run | Yrd Mat Min Peak Influence 347 | 15 347 87 Initial 57 | . 9 57 Average 86 | 6 104 69 Maximum Alert Level 1 | . 1 . Low Security (%) 83 | 100 78 100 Level 1 16 | . 21 . Level 2 . | . . . Level 3 . | . . . Level 4 . | . . . Level 5 . | . . . High Security . | . . . Max Security . | . . . Squads Dispatched . | . . . Investigation . | . . . Extermination . | . . . Reinforcement . | . . . Assault . | . . . Garrison . | . . . Intercept . | . . . Searches Triggered . | . . . Construction Impeded . | . . . Haulers Reinforced . | . . . Active Scanning Responses . | . . . Cargo Convoy Interrupts . | . . . Stealth | -11 -10 -10 --------- Run | Yrd Mat Min Distress Signals . | . . . Communications Jammed . | . . . Distress Signals . | . . . Times Spotted 38 | . 16 22 Peak Tracking Total 21 | . 6 21 Tactical Retreats 7 | . 5 2 Traps | -11 -10 -10 ------- Run | Yrd Mat Min Traps Triggered 1 | . 1 . Indirectly . | . . . Trap Hack Attempts . | . . . Triggered . | . . . Disarmed . | . . . Reprogrammed . | . . . Reused . | . . . Traps Extracted . | . . . Installed . | . . . Triggered . | . . . Machines | -11 -10 -10 ---------- Run | Yrd Mat Min Machines Disabled . | . . . Max in Single Turn . | . . . Machines Repaired . | . . . Machines Dismantled . | . . . Machines Sabotaged . | . . . Overloaded Fab Kills . | . . . Hacking | -11 -10 -10 --------- Run | Yrd Mat Min Machines Accessed 5 | . 5 . Terminals 3 | . 3 . Fabricators . | . . . Repair Stations . | . . . Recycling Units 2 | . 2 . Scanalyzers . | . . . Garrison Access . | . . . Total Hacks 11 | . 11 . Successful 8 | . 8 . Failed 3 | . 3 . Catastrophic 1 | . 1 . Database Lockouts . | . . . Manual 7 | . 7 . Terminals 9 | . 9 . Fabricators . | . . . Repair Stations . | . . . Recycling Units 2 | . 2 . Scanalyzers . | . . . Garrison Access . | . . . Terminal Hacks 2 | . 2 . Record 1 | . 1 . Transport Status 1 | . 1 . Fabricator Hacks . | . . . Repair Station Hacks . | . . . Recycling Unit Hacks 2 | . 2 . Report Inventory 2 | . 2 . Scanalyzer . | . . . Garrison Access Hacks . | . . . Unauthorized Hacks 4 | . 4 . Terminals 4 | . 4 . Track 1 | . 1 . Botnet 3 | . 3 . Fabricators . | . . . Repair Stations . | . . . Recycling Units . | . . . Scanalyzers . | . . . Garrison Access . | . . . Data Cores Recovered . | . . . Used . | . . . Hacking Detections 4 | . 4 . Full Trace Events . | . . . Feedback Events . | . . . Feedback Blocked . | . . . Robot Schematics Acquired . | . . . Robots Built . | . . . Authchips . | . . . Time . | . . . Total Robot Build Rating . | . . . Part Schematics Acquired . | . . . Parts Built . | . . . Authchips . | . . . Time . | . . . Total Part Build Rating . | . . . Parts Repaired . | . . . Time . | . . . Parts Recycled . | . . . Recycled Matter . | . . . Retrieved Matter . | . . . Retrieved Components . | . . . Parts Scanalyzed . | . . . Part Schematics Acquired . | . . . Parts Damaged . | . . . Bothacking | -11 -10 -10 ------------ Run | Yrd Mat Min Used RIF Installer . | . . . Robots Hacked . | . . . Non-combat . | . . . Combat . | . . . Robot Hacks Applied . | . . . Relay Couplers Released . | . . . Fabnet Peak Effective % . | . . . Robots Rewired . | . . . Allies Hacked . | . . . Hacks Repelled . | . . . Allies | -11 -10 -10 -------- Run | Yrd Mat Min Total Allies . | . . . Largest Group . | . . . Highest-Rated Group . | . . . Highest-Rated Ally . | . . . Total Orders . | . . . Ally Attacks . | . . . Total Damage . | . . . Kills . | . . . Allies Corrupted . | . . . Allies Melted . | . . . Intel | -11 -10 -10 ------- Run | Yrd Mat Min Robot Analysis Total . | . . . Derelict Logs Recovered 1 | . . 1 Drone Launches . | . . . Drone Recoveries . | . . . Exploration | -11 -10 -10 ------------- Run | Yrd Mat Min Turns Passed 579 | 86 433 60 Spaces Moved 1012 | 87 783 142 Core 193 | 87 106 . Treads . | . . . Legs . | . . . Wheels . | . . . Hover 8 | . 8 . Flight 811 | . 669 142 Fastest Speed 37 | 50 37 37 Average Speed 41 | 50 40 37 Slowest Speed 56 | 50 56 37 Overloaded Moves . | . . . Propulsion Burnouts . | . . . Robots Hopped 13 | . 4 9 Cave-ins Triggered . | . . . Exploration Rate (%) 39 | 3 78 37 Regions Visited 2 Branch Regions 1 Pre-discovered Areas 1 | . . 1 Known Exits Taken 1 | . 1 . Unknown Exits Taken 1 | 1 . . Scrap Searched 1 | . . 1 Spaces Dug . | . . . Terrain Destroyed . | . . . Melee . | . . . Projectile . | . . . AOE . | . . . Terrain Rammed . | . . . Walls Destroyed . | . . . Machines Disabled . | . . . Actions | -11 -10 -10 --------- Run | Yrd Mat Min Total 1107 | 104 865 138 Wait 25 | . 23 2 Move 988 | 86 775 127 Hop 9 | . 3 6 Pick Up 24 | 3 21 . Fast Attach 2 | 1 1 . Attach 9 | 2 6 1 Detach 2 | . 2 . Swap 4 | . 4 . Drop 13 | . 13 . Fire 30 | 12 16 2 Melee . | . . . Ram 1 | . 1 . Kick . | . . . Crush . | . . . Escape Stasis . | . . . Rewire . | . . . Trap . | . . . Miscellaneous . | . . . Route ------- -11/Scrapyard -10/Materials (discovered 2 exits: *Mat / *Min) -10/Mines History --------- Turn | Location | Event 5 | -11/Scrapyard | Discovered new exit (range 15) 87 | -11/Scrapyard | Entered Materials 318 | -10/Materials | Build established: Mutant 329 | -10/Materials | Discovered new exit (range 7) 331 | -10/Materials | Identified exit to Mines 500 | -10/Materials | Discovered new exit (range 5) 501 | -10/Materials | Identified exit to Materials 520 | -10/Materials | Entered Mines 531 | -10/Mines | Received a Rocket Launcher from a helpful Derelict 543 | -10/Mines | Assembled infested the area 564 | -10/Mines | Core integrity fell below 50% 566 | -10/Mines | Core integrity fell below 20% 580 | -10/Mines | Destroyed by as-01388 with Assembled Blade Last Messages --------------- going to lend you mine." 00531_ B7-KO3(g) slips back into the shadows. 00534_ K-01 Serf collects debris. 00535_ Searching scrap... 00535_ Found Terrain Scanner. 00535_ Found Beam Cannon. 00535_ Found 19 Matter. 00535_ Found 28 Matter. 00535_ K-01 Serf collects debris. 00543_ ALERT: Infestation in the mines, dispatching Demolisher response squad. [Achievement: Hunted] 00555_ as-27193 sneak attacks. 00555_ T-07 Excavator destroyed. 00560_ Sml. Laser destroyed. 00560_ as-58580 destroyed. 00567_ Acquired derelict log, extracted data. World map updated: -10/Materials. 00577_ Flight Unit destroyed. 00577_ System corrupted by crushing effect (+5). Map ----- +----------------------------------------------------+ | ?????????# ####??# ### ] #??????? | | ?????????## = ##?????# ## ##?????? | | ??????????#####!%* #??????## ### #?????? | | ??????????????## ##??????## #### #?????? | | ??????????????## #??????## ###?# ##?????? | | ??????????##### #???#### ##???# ####??????? | | ????????### ##??## #????# #?????????? | | ???????## ######### ##????# ######????? | | ???????# ###?### ##????# #????? | | ???????# ##??## ######%=#### #????? | | ???????## ##?## ## ! #????????? | | ????????# ### # """ #????????? | | ???????## ### # """ #????????? | | ???????# ##?## ## """ #????????? | | ??????# #???###### ### #????????? | | ?????# ## #????????####?# """ #????????? | | ?????# ### #????x????????# """ #????????? | | ?????# #?# x#?????????????# """ #????????? | | ?????## ## #?# x###???????????# #????????? | | ??????### ?# $#?# xx######??????# #????????? | | ????????# ?# #?# xxxxa #??##### #????????? | | ????????# ?# ## #####a#?## #########????????? | | ????????# ? # "!% #???#a### ##??????????????? | | ????????# ?# | #???#a## #####??????????? | | ???????? ?##### ####a##a #??????????? | | ?????????#?????## @aa # !!!! #??????????? | | ????????????????## ######## ## !!!! #??????????? | | ?????????????????####??????# ## ! !! #??????????? | | ???????????????????????????# # !! #??????????? | | ???????????????????????????# # #??????????? | | ???????????????????????????## #########??????????? | | ????????????????????????????###??????????????????? | | ?????????????????????????????????????????????????? | | ?????????????????????????????????????????????????? | | ?????????????????????????????????????????????????? | | | | | | | | | | | | | | | | | | | | | | | | | | | | | | | +----------------------------------------------------+ Best States ------------- Heat Dissipation 25 Energy Generation 10 Energy Capacity 125 Matter Stores 300 Matter Capacity 300 Sight Range 16 Robot Scan Range 14 Terrain Scan Range 16 Terrain Scan Density 10 Evasion (%) 62 Item Schematics ----------------- None Robot Schematics ------------------ None Fabricated ------------ Nothing Alien Tech Used ----------------- None Achievements -------------- Hunted Challenges ------------ None Game ------ Seed SpikedConcussiveTrap Manual? 0 Play Time 00:30:55 Cumulative 98.5 hours Start 2024.05.02 @ 11:09:24 End 2024.05.02 @ 13:58:56 Sessions 1 Manual Loads 0 Difficulty Rogue Special Mode None Game No. 15 Rogue 15 Adventurer 0 Explorer 0 Win Type - Total 0 Types 0/0/0/0/0/0/0/0/0 Lore% 9 Gallery% 17 Achievement% 16 Wizard Run 0 Options --------- Layout 1 ASCII 0 Keyboard 0 Movement Mouse Keybinds 0 Fullscreen 1 Font 24/Smallcaps Map View 50x35 Zoom Use 0% Tactical HUD 1 Map Filters NONE Filters NONE Steam 1 RUN: d3332548-77e4-4f1c-9e11-984b5b1f68b5